 Dungeon Crawl Stone Soup version 0.28.0-49-g6dfe1f597d (webtiles) character file.

Game seed: 17284281416745225956

2650 DoubleLucky the Destroyer (level 9, -4/62 HPs)
             Began as a Black Draconian Conjurer on May 20, 2022.
             Was a Follower of Vehumet.
             Slain by a manticore (10 damage)
             ... on level 7 of the Dungeon.
             The game lasted 00:35:40 (7986 turns).

DoubleLucky the Destroyer (DrCj)                    Turns: 7986, Time: 00:35:40

Health: -4/62      AC:  9    Str:  9 (11) XL:     9   Next: 36%
Magic:  1/21       EV: 11    Int: 21 (22) God:    Vehumet [*.....]
Gold:   370        SH:  0    Dex:  8 (9)  Spells: 18/24 levels left

rFire   + . .      SeeInvis .   x - +3 dagger (freeze)
rCold   . . .      Faith    .   (no shield)
rNeg    . . .      Spirit   .   (armour unavailable)
rPois   .          Reflect  .   (helmet restricted)
rElec   +          Harm     .   s - +0 cloak
rCorr   .          Rampage  .   (no gloves)
Will    .....                   k - +0 pair of boots
Stlth   +.........              (no amulet)
HPRegen 0.20/turn               o - ring of protection from fire
MPRegen 0.17/turn               (no ring)

@: about to teleport, hasted, very quick
A: breathe lightning, AC +7, unfitting armour, electricity resistance,
cold-blooded
a: Breathe Lightning, Renounce Religion


You were on level 7 of the Dungeon.
You worshipped Vehumet.
Vehumet was aware of your devotion.
You visited 2 branches of the dungeon, and saw 8 of its levels.

You collected 370 gold pieces.

Inventory:

Hand Weapons
 x - a +3 dagger of freezing (weapon)
Missiles
 l - 2 poisoned darts
 t - 5 javelins
Armour
 e - a +0 buckler
 k - a +0 pair of boots (worn)
 s - a +0 cloak (worn)
Jewellery
 o - a ring of protection from fire (left hand)
 r - a ring of protection from fire
Wands
 g - a wand of charming (13)
 v - a wand of acid (8)
Scrolls
 a - 6 scrolls of teleportation
 c - a scroll of immolation {unknown}
 d - a scroll of noise {unknown}
 h - 2 scrolls of enchant weapon {unknown}
 i - 2 scrolls of enchant armour
 m - 3 scrolls of summoning
 q - 2 scrolls of fog {unknown}
 w - a scroll of torment {unknown}
Potions
 b - a potion of flight
 f - a potion of haste
 j - a potion of degeneration
 n - a potion of ambrosia {unknown}
 p - 2 potions of curing {unknown}
 u - a potion of magic {unknown}


   Skills:
 - Level 1.7 Dodging
 - Level 1.7 Stealth
 - Level 8.0 Spellcasting
 + Level 10.5 Conjurations


You had 18 spell levels left.
You knew the following spells:

 Your Spells              Type           Power      Damage    Failure   Level
a - Magic Dart            Conj           100%       1d8       1%          1
b - Searing Ray           Conj           100%       2d8       1%          2
c - Dazzling Flash        Conj/Hex       60%        N/A       2%          3

Your spell library contained the following spells:

 Spells                   Type           Power      Damage    Failure   Level
 Shock                    Conj/Air       100%       1d9       1%          1
 Foxfire                  Conj/Fire      100%       2x1d9     1%          1
 Conjure Flame            Conj/Fire      30%        6-21      2%          3
 Flame Wave               Conj/Fire      30%        2d8       9%          4
 Fulminant Prism          Conj/Hex       15%        3d11      9%          4
 Iskenderun's Mystic Bla  Conj/Tloc      30%        2d8       9%          4
 Inner Flame              Hex/Fire       8%         N/A       24%         3
 Animate Dead             Necr           4%         N/A       61%         4
 Borgnjor's Vile Clutch   Necr/Erth      4%         N/A       91%         5
 Death Channel            Necr           4%         N/A       100%        6


Dungeon Overview and Level Annotations

Branches:
Dungeon (7/15)             Temple (1/1) D:5

Altars:
Ashenzari
Cheibriados
Dithmenos
Elyvilon
Fedhas
Gozag
Hepliaklqana
Kikubaaqudgha
Makhleb
Nemelex Xobeh
Okawaru
Qazlal
Ru
Sif Muna
Trog
Uskayaw
Vehumet
Wu Jian
Xom
Yredelemnul
Zin
The Shining One


Innate Abilities, Weirdness & Mutations

You can breathe wild blasts of lightning.
Your glossy black scales are hard. (AC +7)
You cannot fit into any form of body armour.
You are resistant to electric shocks. (rElec)
You are cold-blooded and may be slowed by cold attacks.


Message History

You kill the killer bee!
Vehumet accepts your kill.
You feel your power returning.
The searing ray hits the killer bee.
You kill the killer bee!
Vehumet accepts your kill.
The searing ray hits the manticore.
The manticore is lightly wounded.
The searing ray hits the manticore.
The manticore is lightly wounded.
You finish channelling your searing ray.
As you read the scroll of teleportation, it crumbles to dust.
You feel strangely unstable. The manticore bites you!
The manticore barely misses you. x2
You feel yourself speed up. The manticore bites you.
The manticore closely misses you. x2
It was a potion of degeneration.
There was something very wrong with that liquid.
You feel weakened.
You feel dopey.
You feel clumsy. The manticore bites you!
* * * LOW HITPOINT WARNING * * *
The manticore claws you.
* * * LOW HITPOINT WARNING * * *
The manticore claws you but does no damage.
Okay, then.
Casting: Searing Ray (safe; 1% risk of failure)
Confirm with . or Enter, or press ? or * to list all spells.
You don't know that spell.
Casting: Searing Ray (safe; 1% risk of failure)
Confirm with . or Enter, or press ? or * to list all spells.
Casting: Dazzling Flash (dangerous; 2% risk of failure)
Press: ? - help, Dir - look around, f - activate The sky beast is dazzled.
Casting: Dazzling Flash (dangerous; 2% risk of failure)
Confirm with . or Enter, or press ? or * to list all spells.
Casting: Dazzling Flash (dangerous; 2% risk of failure)
Press: ? - help, Dir - look around, f - activate The manticore is dazzled.
The manticore bites you but does no damage.
The manticore misses you. The manticore claws you!
You die...

## ##.#########
##....YH@...#########
##..##.#####.........# ###
#.#...)..............###..
#..y#)########..........#
##.)H## #......#####
#...y)## ##.....### #
#.###.# ##.)..#.### # #.#
###.).#.## #y# #.[.....


You could see a manticore (blind) and a sky beast (blind).

Vanquished Creatures
  A hornet (D:7)
  4 yaks (D:6)
  A steam dragon (D:7)
  Menkaure (D:6)
  2 black bears
  An ice beast (D:5)
  3 sky beasts
  An orc warrior (D:7)
  2 centaurs (D:7)
  A scorpion (D:5)
  A wyvern zombie (D:6)
  4 killer bees (D:7)
  4 wights (D:7)
  2 hounds (D:6)
  2 iguanas
  4 orc wizards (D:7)
  A howler monkey zombie (D:5)
  2 howler monkey skeletons
  3 adders (D:4)
  A white imp (D:5)
  An adder skeleton (D:4)
  A worm (D:3)
  2 dart slugs (D:1)
  6 orcs
  4 endoplasms
  5 giant cockroaches
  5 goblins
  8 hobgoblins
  4 kobolds
  3 quokkas (D:1)
  5 ball pythons
  2 bats
  2 frilled lizards (D:2)
  4 rats
93 creatures vanquished.

Notes
Turn   | Place    | Note
-------+----------+-------------------------------------------
     0 | D:1      | DoubleLucky the Draconian Conjurer began the quest for the
                  | Orb.
     0 | D:1      | Reached XP level 1. HP: 14/14 MP: 3/3
   365 | D:1      | Reached XP level 2. HP: 20/20 MP: 0/5
  1473 | D:1      | Reached XP level 3. HP: 26/26 MP: 4/7
  1476 | D:1      | Learned a level 2 spell: Searing Ray
  1935 | D:2      | Found a burning altar of Makhleb.
  2172 | D:2      | Found a faded altar of an unknown god.
  3966 | D:4      | Reached XP level 4. HP: 33/33 MP: 5/8
  4076 | D:4      | Found an iron altar of Okawaru.
  4085 | D:4      | Found a blossoming altar of Fedhas.
  4191 | D:4      | Reached skill level 5 in Conjurations
  4369 | D:5      | Entered Level 5 of the Dungeon
  4369 | D:5      | Noticed a scorpion
  4422 | D:5      | Noticed a sky beast
  4524 | D:5      | Killed a sky beast
  4525 | D:5      | Reached XP level 5. HP: 28/38 MP: 0/10
  4767 | D:5      | Found a staircase to the Ecumenical Temple.
  4781 | Temple   | Entered the Ecumenical Temple
  4993 | Temple   | Became a worshipper of Vehumet
  5026 | D:5      | Noticed an ice beast
  5093 | D:5      | Reached skill level 6 in Conjurations
  5093 | D:5      | Reached XP level 6. HP: 42/45 MP: 4/12
  5230 | D:5      | Killed an ice beast
  5429 | D:5      | Noticed a sky beast
  5435 | D:5      | Killed a sky beast
  5436 | D:5      | Reached skill level 5 in Spellcasting
  5727 | D:6      | Your scales start taking on a glossy black colour.
  5727 | D:6      | Reached XP level 7. HP: 50/50 MP: 8/14
  5727 | D:6      | Gained mutation: You are resistant to electric shocks.
                  | (rElec) [Black Draconian growth]
  5863 | D:6      | Noticed Menkaure
  5869 | D:6      | Killed Menkaure
  5870 | D:6      | Reached skill level 7 in Conjurations
  6178 | D:6      | Noticed a yak
  6180 | D:6      | Noticed a yak
  6182 | D:6      | Noticed a yak
  6182 | D:6      | Noticed a yak
  6196 | D:6      | Killed a yak
  6197 | D:6      | Reached skill level 8 in Conjurations
  6312 | D:6      | Killed a yak
  6312 | D:6      | Killed a yak
  6313 | D:6      | Reached XP level 8. HP: 44/57 MP: 6/16
  6484 | D:6      | Reached skill level 9 in Conjurations
  7055 | D:7      | Found a shimmering blue altar of Sif Muna.
  7180 | D:7      | Noticed a hornet
  7188 | D:7      | Killed a hornet
  7527 | D:7      | Reached XP level 9. HP: 62/62 MP: 12/19
  7531 | D:7      | Learned a level 3 spell: Dazzling Flash
  7594 | D:7      | Reached skill level 10 in Conjurations
  7683 | D:7      | Reached * piety under Vehumet
  7683 | D:7      | Offered knowledge of Shock by Vehumet.
  7962 | D:7      | Noticed a manticore
  7986 | D:7      | Slain by a manticore

Illustrated notes

Levels and vault maps discovered:
D:1:      psy_arrival_fountain, layout_basic
D:2:      layout_basic, basic_altar, hellmonk_ecumenical_altar_zigzags
D:3:      layout_loops_cross, minivault_24
D:4:      layout_loops_ring, mainiacjoe_overflow_swirl
D:5:      layout_rooms, minmay_temple_entry_glass, hangedman_decor_push
D:6:      layout_rooms, grunt_decor_junction, uniq_menkaure
D:7:      layout_loops_ring, led_sif_book, chequers_serial_rivers_micro_d
Temple:   mainiacjoe_temple_bowtie_tessellation

Skill      XL: |  1  2  3  4  5  6  7  8  9 |
---------------+----------------------------+-----
Spellcasting   | 3 4 5 7 8 |  8.0
Conjurations   | 5 6 8 9 10 | 10.5
Dodging        | |  1.7
Stealth        | |  1.7

Action                   |  1- 3 |  4- 6 |  7- 9 || total
-------------------------+-------+-------+-------++-------
Melee: Dagger            |       |     6 |       ||     6
       Tailslap          |       |     1 |       ||     1
 Cast: Magic Dart        |    85 |    38 |    61 ||   184
       Searing Ray       |     2 |    10 |    36 ||    48
       Dazzling Flash    |       |       |     2 ||     2
  Use: Scroll            |       |     4 |     2 ||     6
       Potion            |       |       |     2 ||     2
Armor: Skin              |     4 |     8 |    19 ||    31
Dodge: Dodged            |     5 |     8 |    43 ||    56
